 Dungeon Crawl Stone Soup version 0.24-a0-520-g8fd06ad0bc (webtiles) character file.

Game seed: 1868174971221689331

1881 Mithandil the Magician (level 8, -3/41 HPs)
             Began as a Deep Elf Conjurer on July 25, 2019.
             Was a Follower of Vehumet.
             Shot with a sling bullet by Joseph (8 damage)
             ... on level 8 of the Dungeon.
             The game lasted 00:49:20 (7030 turns).

Mithandil the Magician (Deep Elf Conjurer)          Turns: 7030, Time: 00:49:20

Health: -3/41      AC:  6    Str:  7    XL:     8   Next: 91%
Magic:  10/21      EV: 12    Int: 24    God:    Vehumet [*.....]
Gold:   290        SH:  8    Dex: 15    Spells: 7/22 levels left

rFire    . . .     SeeInvis +   a - +1 dagger (flame)
rCold    . . .     Gourm    .   r - +0 shield
rNeg     . . .     Faith    .   p - +0 leather armour
rPois    .         Spirit   .   (no helmet)
rElec    .         Reflect  .   q - scarf {cloud immunity}
rCorr    .         Harm     .   u - +2 pair of gloves
MR       .....                  (no boots)
Stlth    +++.......             (no amulet)
HPRegen  0.13/turn              w - ring of see invisible
MPRegen  0.17/turn              C - +3 ring of intelligence

@: no status effects
A: no striking features
a: Renounce Religion


You were on level 8 of the Dungeon.
You worshipped Vehumet.
Vehumet was aware of your devotion.
You were not hungry.

You visited 2 branches of the dungeon, and saw 9 of its levels.

You collected 290 gold pieces.

Inventory:

Hand Weapons
 a - a +1 dagger of flaming (weapon)
 b - a +0 short sword
 E - a +0 shortbow
 I - a +2 flail of protection
 J - a +1 great sword of freezing
Missiles
 l - 138 arrows
 y - 2 poisoned darts (quivered)
Armour
 p - a +0 leather armour (worn)
 q - a scarf of cloud immunity (worn)
 r - a +0 shield (worn)
 u - a +2 pair of gloves (worn)
 A - a +2 large shield
Jewellery
 w - a ring of see invisible (left hand)
 B - an uncursed ring of protection from fire
 C - a +3 ring of intelligence (right hand)
Wands
 g - a wand of disintegration (8)
 x - a wand of acid (12)
 F - a wand of random effects (14)
Scrolls
 d - 2 scrolls of fear
 h - a scroll of enchant weapon {unknown}
 k - 2 scrolls of blinking {unknown}
 m - 2 scrolls of teleportation
 n - a scroll of enchant armour {unknown}
 s - 2 scrolls of remove curse
 v - 2 scrolls of amnesia {unknown}
 D - a scroll of identify
 G - a scroll of noise {unknown}
 K - a scroll of magic mapping {unknown}
Potions
 e - a potion of might
 f - 2 potions of lignification {unknown}
 i - 2 potions of degeneration {unknown}
 j - a potion of agility
 o - 6 potions of curing
 t - a potion of berserk rage {unknown}
 z - 2 potions of brilliance {unknown}
Comestibles
 c - 9 rations


   Skills:
 + Level 5.2 Dodging
 + Level 5.5 Stealth
 + Level 4.0 Shields
 * Level 7.8 Spellcasting
 * Level 7.5 Conjurations
 + Level 2.5 Hexes
 + Level 3.3 Translocations
 + Level 0.0 Fire Magic


You had 7 spell levels left.
You knew the following spells:

 Your Spells              Type           Power        Failure   Level  Hunger
a - Magic Dart            Conj           ####         1%          1    None
b - Flame Tongue          Conj/Fire      ####.        9%          1    None
c - Searing Ray           Conj           #####.       2%          2    None
d - Force Lance           Conj/Tloc      #####...     38%         4    ###....
e - Iskenderun's Mystic   Conj           #####...     19%         4    ###....
s - Dazzling Spray        Conj/Hex       ####..       16%         3    None

Your spell library contained the following spells:

 Spells                   Type           Power        Failure   Level  Hunger
 Fulminant Prism          Conj/Hex       ####......   45%         4    ###....


Dungeon Overview and Level Annotations

Branches:
Dungeon (8/15)             Temple (1/1) D:6
   Lair: D:8-11

Altars:
Ashenzari
Cheibriados
Dithmenos
Elyvilon
Fedhas
Gozag
Hepliaklqana
Kikubaaqudgha
Makhleb
Nemelex Xobeh
Okawaru
Qazlal
Ru
Sif Muna
Trog
Uskayaw
Vehumet
Wu Jian
Xom
Yredelemnul
Zin
The Shining One

Annotations:
D:4 1 runed translucent door, Crazy Yiuf, Eustachio
D:8 Joseph


Message History

You finish channeling your searing ray.
Joseph shoots a sling bullet.
The sling bullet hits you!
Casting: Searing Ray (safe; 2% risk of failure)
Confirm with . or Enter, or press ? or * to list all spells.
Aiming: Searing Ray (safe; 2% risk of failure)
Press: ? - help, Shift-Dir - straight line, f/p - Joseph
Aim: Joseph, wielding a +0 hunting sling and wearing a +0 ring mail (heavily wounded)
The searing ray hits Joseph.
Joseph is severely wounded. (Press . to maintain the ray.)
An ice beast comes into view.
Joseph shoots a sling bullet.
The sling bullet hits you!
* * * LOW HITPOINT WARNING * * *
The searing ray hits Joseph.
Joseph is severely wounded.
Joseph shoots a sling bullet.
You block the sling bullet.
The searing ray hits Joseph.
Joseph is severely wounded.
Joseph shoots a sling bullet.
The sling bullet hits you!
You die...

......### ....
#......### .....
#........##..... .
#.........$..... #.
##.#........#.Y.. #.#
#..###......@....
#...###.####.((........
#.......###...((.##...
#.####........##@##
##.....###..# #.
##....## #.##...
#.....## .......
#...#..##.......
....####......# #..#
###<..## ##. #..## #.
#..#


You could see Joseph and an ice beast (wandering).

Vanquished Creatures
  Sigmund (D:5)
  Menkaure (D:5)
  A water moccasin (D:5)
  An ice beast (D:5)
  A phantom (D:4)
  A sky beast (D:5)
  2 ogres (D:6)
  3 centaurs
  4 wights (D:6)
  A crimson imp (D:6)
  A bullfrog zombie (D:5)
  A hound (D:4)
  A gnoll shaman (D:5)
  5 orc priests (D:5)
  A bullfrog skeleton (D:4)
  3 iguanas
  A worker ant (D:6)
  A hound skeleton (D:7)
  A worker ant zombie (D:7)
  3 gnolls (D:5)
  8 adders
  3 worms
  2 dart slugs (D:3)
  4 leopard geckos
  16 orcs
  4 bats
  4 giant cockroaches
  5 goblins
  7 hobgoblins
  16 jackals
  3 kobolds
  5 quokkas
  2 ball pythons (D:5)
  7 frilled lizards
  A jackal skeleton (D:6)
  7 rats
  A fungus (D:1)
129 creatures vanquished.

Notes
Turn   | Place    | Note
-------+----------+-------------------------------------------
     0 | D:1      | Mithandil the Deep Elf Conjurer began the quest for the
                  | Orb.
     0 | D:1      | Reached XP level 1. HP: 10/10 MP: 6/6
   598 | D:1      | Reached XP level 2. HP: 15/15 MP: 5/8
  1184 | D:2      | Reached XP level 3. HP: 19/19 MP: 2/10
  1188 | D:2      | Learned a level 2 spell: Searing Ray
  2433 | D:3      | Reached skill level 5 in Conjurations
  2433 | D:3      | Reached XP level 4. HP: 24/24 MP: 2/12
  2439 | D:3      | Learned a level 4 spell: Force Lance
  2774 | D:4      | Found a runed translucent door.
  2775 | D:4      | Noticed Crazy Yiuf
  2885 | D:4      | Reached skill level 1 in Shields
  2885 | D:4      | Reached XP level 5. HP: 28/28 MP: 8/13
  3004 | D:5      | Entered Level 5 of the Dungeon
  3056 | D:6      | Noticed a centaur
  3056 | D:6      | Noticed an ogre
  3514 | D:4      | Learned a level 4 spell: Iskenderun's Mystic Blast
  3566 | D:4      | Noticed Eustachio
  3935 | D:4      | Noticed a phantom
  3945 | D:4      | Killed a phantom
  3945 | D:4      | Reached skill level 5 in Spellcasting
  3945 | D:4      | Reached skill level 1 in Translocations
  3945 | D:4      | Reached XP level 6. HP: 32/32 MP: 4/15
  4026 | D:4      | Learned a level 3 spell: Dazzling Spray
  4199 | D:5      | Noticed a sky beast
  4209 | D:5      | Killed a sky beast
  4361 | D:5      | Reached XP level 7. HP: 24/36 MP: 0/17
  4756 | D:5      | Noticed Sigmund
  4770 | D:5      | Killed Sigmund
  4893 | D:5      | Noticed Menkaure
  4898 | D:5      | Killed Menkaure
  4898 | D:5      | Reached XP level 8. HP: 21/41 MP: 10/19
  5172 | D:5      | Found a radiant altar of Vehumet.
  5175 | D:5      | Became a worshipper of Vehumet
  5193 | D:5      | You fall into a shaft and drop 2 floors!
  5445 | D:5      | Reached skill level 5 in Stealth
  5445 | D:5      | Reached skill level 1 in Hexes
  5926 | D:6      | Reached skill level 5 in Dodging
  6007 | D:6      | Found a staircase to the Ecumenical Temple.
  6013 | Temple   | Entered the Ecumenical Temple
  6511 | D:6      | Reached * piety under Vehumet
  6511 | D:6      | Offered knowledge of Flame Tongue by Vehumet.
  6953 | D:7      | Found a snail-covered altar of Cheibriados.
  6974 | D:7      | Learned a level 1 spell: Flame Tongue
  7018 | D:8      | Noticed Joseph
  7030 | D:8      | Shot with a sling bullet by Joseph

Levels and vault maps discovered:
D:1:      onia_arrival_mini_maze, layout_loops_corners
D:2:      layout_basic
D:3:      layout_rooms
D:4:      layout_gridville, uniq_eustachio, uniq_crazy_yiuf_cottage
D:5:      layout_basic, lemuel_doored_altar, first_ration, uniq_sigmund,
          uniq_menkaure
D:6:      layout_basic, temple_green, minmay_misc_feat_plants
D:7:      layout_loops_ring, cheibriados_altar_1
D:8:      layout_layer_cave, gammafunk_ghost_arena, uniq_joseph, uniq_pikel,
          uniq_maurice
Temple:   kilobyte_greek_temple

Skill      XL: |  1  2  3  4  5  6  7  8 |
---------------+-------------------------+-----
Stealth        | 3 4 5 |  5.5
Dodging        | 3 4 5 |  5.2
Spellcasting   | 4 5 6 7 |  7.8
Conjurations   | 5 6 7 |  7.5
Shields        | 1 2 3 4 |  4.0
Translocations | 1 2 3 |  3.3
Hexes          | 2 |  2.5

Action                   |  1- 3 |  4- 6 |  7- 9 || total
-------------------------+-------+-------+-------++-------
Melee: Unarmed           |    98 |       |       ||    98
       Dagger            |       |    49 |     3 ||    52
Throw: Stone             |    16 |       |       ||    16
 Cast: Magic Dart        |    74 |    96 |    88 ||   258
       Searing Ray       |     1 |     9 |    24 ||    34
       Iskenderun's Myst |       |     2 |     7 ||     9
       Dazzling Spray    |       |     1 |       ||     1
       Flame Tongue      |       |       |     2 ||     2
  Use: Scroll            |     4 |     5 |     2 ||    11
  Eat: Chunk             |     5 |     6 |     9 ||    20
Armor: Leather armour    |     6 |    34 |    14 ||    54
Dodge: Dodged            |    15 |    74 |    46 ||   135
Block: Shield            |       |       |     3 ||     3

Table legend:
 A = Non-vault XP
 B = Vault XP
 C = Vault XP percentage of total XP
 D = Non-vault monster count
 E = Vault monster count
 F = Vault count percentage of total count
                 A         B        C        D         E       F
            +---------+---------+-------+---------+---------+-------
      Total |    2288 |     400 |  14.9 |     126 |       2 |   1.6
            +---------+---------+-------+---------+---------+-------
        D:1 |      25 |       0 |   0.0 |      15 |       0 |   0.0
        D:2 |      34 |       0 |   0.0 |      12 |       0 |   0.0
        D:3 |      54 |       0 |   0.0 |      21 |       0 |   0.0
        D:4 |     385 |       0 |   0.0 |      28 |       0 |   0.0
        D:5 |     882 |     400 |  31.2 |      25 |       2 |   7.4
        D:6 |     871 |       0 |   0.0 |      22 |       0 |   0.0
        D:7 |      35 |       0 |   0.0 |       2 |       0 |   0.0
        D:8 |       2 |       0 |   0.0 |       1 |       0 |   0.0
            +---------+---------+-------+---------+---------+-------
